 Dungeon Crawl Stone Soup version 0.21.1-1-g345015f (webtiles) character file.

313325 erker the Martial Artist (level 21, -15/184 HPs)
             Began as an Octopode Transmuter on June 26, 2018.
             Was the Champion of Cheibriados.
             Demolished by a skeletal warrior
             ... wielding a +0 glaive
              (24 damage)
             ... on level 3 of the Vaults on July 2, 2018.
             The game lasted 05:33:14 (47752 turns).

erker the Martial Artist (Octopode Transmuter)     Turns: 47752, Time: 05:33:15

Health: -15/184    AC: 32    Str: 26    XL:     21   Next: 69%
Magic:  30/37      EV: 28    Int: 38    God:    Cheibriados [******]
Gold:   2197       SH:  9    Dex: 28    Spells: 2/44 levels left

rFire    + . .     SeeInvis .     - Unarmed
rCold    + . .     Gourm    +   n - +0 buckler {rF+}
rNeg     + + .     Faith    .   Z - +0 hat {MR+}
rPois    ∞         Spirit   .   y - amulet of the gourmand
rElec    +         Reflect  .   H - ring "Luestiet" {rC+ rN+}
rCorr    .         Harm     .   s - +3 ring of protection
MR       +....                  A - ring of protection from magic
Stlth    +++++++...             z - +2 ring of slaying
HPRegen  0.40/turn              E - ring of wizardry
MPRegen  0.25/turn              V - +4 ring of slaying
                                R - -2 ring of evasion
                                C - +5 ring of evasion

@: statue-form, vulnerable, very slightly contaminated, very slow
A: almost no armour, stealthy swim, amphibious, 8 rings, constrict 8, camouflage
1
}: 1/15 runes: barnacled
a: End Transformation, Bend Time, Temporal Distortion, Slouch, Step From Time,
Renounce Religion


You were on level 3 of the Vaults.
You worshipped Cheibriados.
Cheibriados was exalted by your worship.
You were completely stuffed.
You were a stone statue.
You visited 7 branches of the dungeon, and saw 36 of its levels.
You also visited: Labyrinth, Sewer, Ossuary and Ice Cave.

You collected 4382 gold pieces.
You spent 2185 gold pieces at shops.

Inventory:

Hand Weapons
 o - a +6 blowgun
Missiles
 a - 1079 arrows
 u - 6 curare-tipped needles
 T - 18 javelins of returning (quivered)
Armour
 n - a +0 buckler of fire resistance (worn)
 Z - a +0 hat of magic resistance (worn)
Magical Staves
 v - an uncursed staff of energy
Jewellery
 b - an uncursed ring of resist corrosion
 f - an uncursed ring of ice
 h - the amulet of the Air {Inacc +Fly rElec EV+5 RMsl}
   (You found it on level 3 of the Elven Halls)

   [amulet of inaccuracy]

   It reduces the accuracy of all your attacks.
   It affects your evasion (+5).
   It insulates you from electricity.
   It lets you fly.
   It protects you from missiles.
 s - a +3 ring of protection (right tentacle)
 y - an amulet of the gourmand (around mantle)
 z - a +2 ring of slaying (on tentacle)
 A - a ring of protection from magic (on tentacle)
 C - a +5 ring of evasion (on tentacle)
 E - a ring of wizardry (on tentacle)
 H - the ring "Luestiet" (left tentacle) {rC+ rN+}
   (You took it off a deep elf elementalist on level 3 of the Elven Halls)

   [ring of protection from cold]

   It protects you from cold.
   It protects you from negative energy.
 L - an uncursed ring of fire
 R - a -2 ring of evasion (on tentacle)
 V - a +4 ring of slaying (on tentacle)
Wands
 i - a wand of iceblast (8)
 K - a wand of digging (33)
 S - a wand of clouds (9)
Scrolls
 e - 6 scrolls of blinking
 j - 3 scrolls of magic mapping
 m - a scroll of silence
 r - 12 scrolls of identify
 t - 13 scrolls of teleportation
Potions
 d - 2 potions of invisibility
 k - 2 potions of resistance
 l - 3 potions of heal wounds
 I - 20 potions of curing
Comestibles
 c - 69 rations
 g - 7 chunks of flesh


   Skills:
 + Level 11.9 Fighting
 + Level 12.0 Dodging
 - Level 12.1 Stealth
 * Level 11.6 Shields
 + Level 13.3 Unarmed Combat
 + Level 12.2 Spellcasting
 * Level 8.9 Conjurations
 - Level 4.8 Necromancy
 + Level 6.6 Translocations
 - Level 13.0 Transmutations
 * Level 13.3 Fire Magic
 + Level 7.0 Ice Magic
 - Level 4.7 Air Magic
 - Level 8.0 Earth Magic
 - Level 9.0 Invocations
 - Level 8.0 Evocations


You had 2 spell levels left.
You knew the following spells:

 Your Spells              Type           Power        Failure   Level  Hunger
a - Apportation           Tloc           ######       1%          1    None
b - Blink                 Tloc           N/A          1%          2    None
c - Conjure Flame         Conj/Fire      #######.     1%          3    None
f - Freezing Cloud        Conj/Ice/Air   ######....   6%          6    ###....
i - Irradiate             Conj/Tmut      #######...   1%          5    None
n - Ignition              Fire           #######...   17%         8    ######.
s - Statue Form           Tmut/Erth      #######..    1%          6    ###....
t - Sticks to Snakes      Tmut           #######.     0%          2    None
v - Borgnjor's Vile Clut  Necr/Erth      ######....   1%          5    None
y - Ice Form              Ice/Tmut       #######.     1%          4    None


Dungeon Overview and Level Annotations

Branches:
Dungeon (15/15)            Temple (0/1) D:7            Lair (6/6) D:11
 Shoals (4/4) Lair:3       Spider (3/4) Lair:4        Slime (0/5) Lair:5
    Orc (2/2) D:12            Elf (3/3) Orc:2        Vaults (3/5) D:13
 Depths (0/5) D:15
  Crypt: Vaults:2-3

Altars:
Ashenzari
Cheibriados
Elyvilon
Hepliaklqana
Okawaru
Ru
Sif Muna
Xom
Yredelemnul
Zin
Beogh
Jiyva

Shops:
D:9 ?   D:11 *   Orc:2 [*([   Elf:1 (   Elf:2 :   Vaults:2 !


Innate Abilities, Weirdness & Mutations

You cannot wear most types of armour.
You are very stealthy in the water. (Stealth+)
You are amphibious.
You can wear up to eight rings at the same time.
You can use your tentacles to constrict eight enemies at once.
Your skin changes colour to match your surroundings (Stealth+).
((Your rubbery body absorbs attacks. (AC +1, EV +1)))


Message History

An ogre comes into view. It is wielding a giant club.
You see here a giant club.
Casting: Irradiate
Confirm with . or Enter, or press ? or * to list all spells.
You erupt in a fountain of uncontrolled magic!
The ironbrand convoker is blasted with magical radiation!
You kill the ironbrand convoker!
Cheibriados thoroughly appreciates the change of pace.
The death knight is blasted with magical radiation!
The death knight is heavily wounded.
The death knight twists and deforms.
The phantasmal warrior is blasted with magical radiation!
You destroy the phantasmal warrior!
Cheibriados appreciates the change of pace.
The death knight reflects your damage back at you!
* * * LOW HITPOINT WARNING * * *
You block the skeletal warrior's attack.
The death knight completely misses you.
The skeletal warrior hits you from afar with a glaive!!
You die...

#...#
+.))####### .
#.)<......# .O.
#.))......#
....
#.........#
#...####'######
#..Oez).##
#....))(#
#.....)8#
#####..p# #...#
#...# #####


You could see a death knight, a skeletal warrior, a two-headed ogre, a deep elf
archer and an ogre.

Vanquished Creatures
  2 Ice Fiends (IceCv)
  2 deep elf blademasters (Elf:3)
  A deep elf master archer (Elf:3)
  2 krakens
  A sphinx (Vaults:3)
  Polyphemus (Shoals:3)
  The ghost of astaringelf the Tortoise, an adept MiFi of Makhleb (D:15)
  Ilsuiw (Shoals:4)
  An azure jelly (Shoals:1)
  6 vault wardens
  The ghost of thrashmonkey the Peltast, a journeyman MiFi of Okawaru (D:15)
  6 deep elf sorcerers
  A ghost moth (Spider:1)
  An emperor scorpion (Spider:3)
  3 deep elf elementalists (Elf:3)
  The ghost of sking99 the Bludgeoner, a journeyman MiFi of Cheibriados (Orc:2)
  6 ironheart preservers
  A war gargoyle (Vaults:1)
  A stone giant (Orc:2)
  3 entropy weavers
  6 deep elf annihilators
  9 deep elf demonologists (Elf:3)
  The ghost of sking99 the Brawler, a journeyman TrMo (Lair:4)
  A dire elephant (Lair:6)
  A spark wasp (Spider:3)
  2 ettins
  6 merfolk javelineers (Shoals:4)
  7 merfolk impalers
  4 deep elf death magi
  2 yaktaur captains (Vaults:2)
  3 deep elf high priests
  A great orb of eyes (Vaults:3)
  A fire dragon (Lair:6)
  A minotaur (Lab)
  7 ogre magi
  3 hydras
  A rakshasa (Vaults:1)
  5 merfolk avatars
  Fannar (Lair:2)
  9 vault guards
  An ice dragon (Vaults:2)
  11 centaur warriors
  An alligator snapping turtle (Shoals:4)
  5 catoblepae
  3 merfolk aquamancers
  21 dancing weapons
  The ghost of Bareth the Spear-Bearer, a novice MiBe of Trog (D:8)
  A queen ant (Lair:6)
  A satyr (Shoals:4)
  25 two-headed ogres
  15 death yaks
  6 tengu warriors
  2 vampire magi (D:14)
  2 orc high priests
  Urug (D:14)
  Sonja (Lair:2)
  19 deep elf knights
  A large abomination (Elf:3)
  2 unseen horrors (Vaults:1)
  A death drake (shapeshifter) (Vaults:2)
  14 sea snakes
  3 deep trolls
  A wizard (D:15)
  2 flayed ghosts
  12 ironbrand convokers
  2 lindwurms (Lair:6)
  A swamp dragon (Lair:6)
  A phantasmal warrior (Vaults:3)
  12 harpies
  13 orc knights
  9 wolf spiders
  20 deep elf archers
  7 orc sorcerers
  81 deep elf magi
  8 orb spiders
  28 ugly things
  23 manticores
  9 fauns
  7 cyclopes
  A salamander (shapeshifter) (D:13)
  2 centaur zombies
  7 merfolk sirens
  5 elephants
  7 water nymphs
  2 black mambas
  10 vault sentinels
  12 spiny frogs
  8 naga magi (D:14)
  2 ice statues (IceCv)
  4 torpor snails
  Joseph (D:7)
  3 komodo dragons
  5 rime drakes
  2 yaktaurs (shapeshifter)
  3 freezing wraiths
  13 ice devils (IceCv)
  A kobold demonologist (D:13)
  14 yaktaurs
  A minotaur zombie (Lab)
  5 tengu conjurers
  20 merfolk
  A queen bee (shapeshifter) (Vaults:2)
  10 trolls
  15 wind drakes
  5 demonic crawlers
  3 meliai (Lair:4)
  22 jumping spiders
  A jumping spider (shapeshifter) (D:13)
  A meliai (shapeshifter) (Vaults:3)
  19 slime creatures
  A wind drake (shapeshifter) (D:13)
  A queen bee (Lair:4)
  3 hornets
  A polar bear (Lair:6)
  4 blink frogs (Lair:2)
  A hippogriff (shapeshifter) (Vaults:2)
  16 hippogriffs
  9 dream sheep
  A human simulacrum (Vaults:1)
  4 snapping turtles
  A shadow (D:11)
  51 redbacks
  2 vampires
  10 water elementals
  A spriggan (shapeshifter) (Vaults:2)
  An air elemental (Elf:1)
  19 tarantellas
  2 wraiths
  22 yaks
  A wyvern (D:12)
  5 fire elementals
  A basilisk (shapeshifter) (Vaults:1)
  3 basilisks
  The ghost of Merlin the Cudgeler, an amateur DsCK of Xom (D:4)
  A golden eye (shapeshifter) (Vaults:1)
  7 steam dragons
  8 hungry ghosts
  2 vampire mosquitoes (D:12)
  2 wargs
  22 soldier ants (Lair:6)
  5 acid dragons
  7 water moccasins
  3 hell hounds (D:12)
  10 porcupines
  A sky beast (D:13)
  A black bear (D:11)
  2 swamp drakes (Lair:6)
  2 ice beasts
  35 ogres
  29 orc warriors
  18 wolves
  4 boggarts (D:15)
  10 centaurs
  12 crocodiles
  3 big kobolds
  20 bullfrogs
  An earth elemental (Elf:3)
  2 water moccasin zombies (Ossuary)
  7 scorpions
  58 killer bees
  7 electric eels
  3 howler monkeys
  12 wights
  5 crimson imps
  2 bullfrog zombies
  8 hounds
  6 jellies
  6 centaur skeletons
  15 orc priests
  22 orc wizards
  7 iguanas
  24 worker ants
  A hound zombie (D:10)
  A hound skeleton (D:9)
  A worker ant zombie (D:5)
  3 mummies
  3 gnolls (D:6)
  15 adders
  2 howler monkey skeletons
  11 shadow imps
  6 white imps (IceCv)
  5 ufetubi (IceCv)
  2 oozes (D:2)
  2 adder zombies (Ossuary)
  3 worms
  3 dart slugs
  11 leopard geckos
  83 orcs
  A ball python (Sewer)
  11 giant cockroaches
  3 gnoll zombies (Ossuary)
  6 goblins
  11 hobgoblins
  11 jackals
  13 kobolds
  6 quokkas
  6 bats
  8 frilled lizards
  A goblin zombie (D:4)
  7 hobgoblin zombies
  7 kobold zombies (Ossuary)
  8 orc zombies (Ossuary)
  A quokka skeleton (D:4)
  10 rats
  2 crawling corpses (Elf:3)
  10 plants
  9 tentacles (Shoals:4)
1524 creatures vanquished.

Vanquished Creatures (collateral kills)
  A deep elf master archer (Elf:3)
  Gastronok (Lair:1)
  Azrael (D:12)
  A merfolk javelineer (Shoals:4)
  A hydra (Lair:6)
  A two-headed ogre (Orc:2)
  2 death yaks (Lair:4)
  A deep elf archer (Elf:3)
  A wolf spider (Spider:3)
  An elephant (Lair:3)
  A black mamba (Lair:1)
  A spiny frog (Lair:2)
  A komodo dragon (Lair:2)
  A queen bee (D:8)
  A jumping spider (Spider:2)
  A merfolk (Shoals:4)
  2 dream sheep (Lair:5)
  4 yaks
  A fire elemental (D:12)
  A steam dragon (D:9)
  A soldier ant (Lair:6)
  A water moccasin (Lair:4)
  An orc warrior (D:12)
  A black bear (D:11)
  4 wolves
  2 crocodiles
  A killer bee (D:9)
  A hound (D:12)
  A jelly (D:9)
  2 orc wizards
  2 adders
  A leopard gecko (Sewer)
  2 orcs (D:8)
  A fungus (Lair:3)
46 creatures vanquished.

Vanquished Creatures (others)
  A kraken (Shoals:4)
  2 deep elf knights
  A wolf spider (Spider:2)
  A cyclops (D:12)
  A redback (Spider:2)
  An air elemental (Elf:3)
  A centaur (D:14)
  A wyvern skeleton (D:12)
  A hound (D:14)
  2 white imps (IceCv)
  5 ufetubi (IceCv)
  3 orcs
  A jackal (D:6)
  A quokka (D:6)
  3 bushes (Lair:6)
  35 fungi
  56 plants
  11 tentacles
127 creatures vanquished.

Grand Total: 1697 creatures vanquished

Notes
Turn   | Place    | Note
-------+----------+-------------------------------------------
     0 | D:1      | erker the Octopode Transmuter began the quest for the Orb.
     0 | D:1      | Reached XP level 1. HP: 13/13 MP: 3/3
    45 | D:1      | Reached XP level 2. HP: 9/18 MP: 1/5
   504 | D:1      | Reached XP level 3. HP: 18/23 MP: 4/6
   523 | D:1      | Learned a level 2 spell: Sticks to Snakes
  1156 | D:2      | Found an iron altar of Okawaru.
  1157 | D:2      | Found a deep blue altar of Sif Muna.
  1158 | D:2      | Found a shimmering altar of Xom.
  1160 | D:2      | Found a shattered altar of Ashenzari.
  1188 | D:2      | Reached XP level 4. HP: 21/28 MP: 4/8
  1197 | D:2      | Learned a level 4 spell: Ice Form
  1576 | D:3      | Found a snail-covered altar of Cheibriados.
  1587 | D:3      | Became a worshipper of Cheibriados the Contemplative
  1676 | D:3      | Reached XP level 5. HP: 32/33 MP: 7/9
  1716 | D:3      | Found a glowing drain.
  1743 | Sewer    | Entered a sewer
  1758 | Sewer    | Reached skill level 1 in Ice Magic
  1770 | Sewer    | Reached * piety under Cheibriados
  2102 | Sewer    | Reached XP level 6. HP: 38/38 MP: 3/12
  2332 | D:3      | Reached ** piety under Cheibriados
  2744 | D:4      | Noticed Merlin's ghost (amateur DsCK)
  2774 | D:4      | Killed Merlin's ghost
  2774 | D:4      | Reached XP level 7. HP: 43/43 MP: 7/13
  2786 | D:4      | Found a sand-covered staircase.
  2844 | Ossuary  | Entered an ossuary
  2947 | Ossuary  | Reached skill level 5 in Transmutations
  3112 | Ossuary  | Reached skill level 1 in Stealth
  3163 | Ossuary  | Reached *** piety under Cheibriados
  3496 | D:4      | Got a faintly glowing spear
  3752 | D:4      | Reached skill level 5 in Spellcasting
  3752 | D:4      | Reached XP level 8. HP: 48/48 MP: 9/15
  4282 | D:5      | Entered Level 5 of the Dungeon
  4424 | D:5      | Reached **** piety under Cheibriados
  4455 | D:5      | Reached skill level 5 in Unarmed Combat
  4548 | D:5      | Found a transporter.
  4677 | D:5      | Found a transporter.
  5213 | D:6      | Reached XP level 9. HP: 54/54 MP: 8/17
  5317 | D:6      | Found a white marble altar of Elyvilon.
  5335 | D:6      | Reached skill level 1 in Invocations
  5711 | D:7      | Noticed Joseph
  5723 | D:7      | Killed Joseph
  5723 | D:7      | Reached skill level 5 in Stealth
  5765 | D:7      | Reached ***** piety under Cheibriados
  6705 | D:7      | Reached XP level 10. HP: 63/63 MP: 15/19
  6989 | D:7      | Learned a level 1 spell: Apportation
  7212 | D:7      | Found a staircase to the Ecumenical Temple.
  7239 | D:7      | Reached skill level 5 in Dodging
  7303 | D:8      | Noticed a two-headed ogre
  7728 | D:8      | Killed a two-headed ogre
  7806 | D:8      | Noticed a two-headed ogre
  7817 | D:8      | Killed a two-headed ogre
  7843 | D:8      | Reached skill level 5 in Fighting
  7916 | D:8      | Noticed Bareth's ghost (novice MiBe)
  8066 | D:8      | Killed Bareth's ghost
  8066 | D:8      | Reached skill level 5 in Invocations
  8066 | D:8      | Reached XP level 11. HP: 66/72 MP: 18/21
  8410 | D:9      | Found a hazy altar of Hepliaklqana.
  8768 | D:9      | Reached ****** piety under Cheibriados
  9114 | D:9      | Found Vilayca's Magic Scroll Shoppe.
  9122 | D:9      | Bought a scroll of magic mapping for 35 gold pieces
  9122 | D:9      | Bought a scroll of identify for 20 gold pieces
  9122 | D:9      | Bought a scroll of identify for 20 gold pieces
  9122 | D:9      | Bought a scroll of identify for 20 gold pieces
  9122 | D:9      | Bought a scroll of magic mapping for 35 gold pieces
  9233 | D:9      | Identified a scroll of acquirement
  9243 | D:10     | Entered Level 10 of the Dungeon
 10189 | D:11     | Reached skill level 1 in Shields
 10251 | D:11     | Noticed a cyclops
 10834 | D:11     | Found a staircase to the Lair.
 10850 | D:11     | Killed a cyclops
 10954 | D:11     | Got a clouded brass amulet
 10956 | D:11     | Identified the amulet "Ozeg" {Inacc Str+4} (You found it on level 11 of the Dungeon)
 10973 | D:11     | Found Diephiz's General Store.
 10981 | D:11     | Bought the Almanac of Duck's Teeth for 455 gold pieces
 10987 | D:11     | Learned a level 5 spell: Borgnjor's Vile Clutch
 11167 | D:12     | Found a staircase to the Orcish Mines.
 11167 | D:12     | Noticed an orc knight
 11246 | D:12     | Reached skill level 1 in Necromancy
 11246 | D:12     | Reached skill level 1 in Earth Magic
 12034 | D:12     | Found a glowing silver altar of Zin.
 12525 | D:12     | Noticed Azrael
 12540 | D:12     | Noticed a cyclops
 12580 | D:12     | Killed a cyclops
 12632 | Lair:1   | Entered Level 1 of the Lair of Beasts
 12669 | Lair:1   | Noticed Gastronok
 12722 | Lair:1   | Killed Gastronok
 12722 | Lair:1   | Reached XP level 12. HP: 78/78 MP: 12/23
 13040 | Lair:1   | Reached skill level 5 in Earth Magic
 13634 | Lair:2   | Noticed a death yak
 13634 | Lair:2   | Noticed a death yak
 13634 | Lair:2   | Noticed a death yak
 13634 | Lair:2   | Noticed a death yak
 13766 | Lair:2   | Noticed Sonja
 13821 | Lair:2   | Killed Sonja
 13915 | Lair:2   | Noticed Fannar
 13928 | Lair:2   | Killed Fannar
 15140 | Lair:3   | Reached skill level 10 in Stealth
 15243 | Lair:3   | Reached XP level 13. HP: 85/85 MP: 24/24
 15638 | Lair:3   | Found a staircase to the Shoals.
 15985 | Lair:4   | Reached skill level 10 in Transmutations
 16283 | Lair:4   | Found a hole to the Spider Nest.
 16358 | Lair:4   | Noticed sking99's ghost (journeyman TrMo)
 16367 | Lair:4   | Killed sking99's ghost
 17301 | Lair:5   | Found a viscous altar of Jiyva.
 17301 | Lair:5   | Found a staircase to the Slime Pits.
 18143 | Spider:1 | Entered Level 1 of the Spider Nest
 18529 | Spider:1 | Reached XP level 14. HP: 94/94 MP: 22/26
 18823 | Spider:1 | Killed a ghost moth
 20319 | Spider:2 | You fall through a shaft!
 20679 | Spider:2 | Reached skill level 1 in Evocations
 21785 | Spider:3 | Noticed an entropy weaver
 21798 | Spider:3 | Killed an entropy weaver
 22301 | Spider:3 | Reached XP level 15. HP: 99/101 MP: 25/28
 22303 | Spider:3 | Noticed an emperor scorpion
 22315 | Spider:3 | Killed an emperor scorpion
 23312 | Lair:6   | Entered Level 6 of the Lair of Beasts
 23933 | Lair:6   | Learned a level 2 spell: Blink
 24804 | Lair:1   | Learned a level 3 spell: Conjure Flame
 25055 | D:12     | Killed Azrael
 25196 | Orc:1    | Entered Level 1 of the Orcish Mines
 25621 | Orc:2    | Entered Level 2 of the Orcish Mines
 25637 | Orc:2    | Found a labyrinth entrance.
 25647 | Lab      | Entered a labyrinth
 26023 | Lab      | Reached skill level 10 in Unarmed Combat
 26153 | Orc:2    | Noticed sking99's ghost (journeyman MiFi)
 26179 | Orc:2    | Killed sking99's ghost
 26580 | Orc:2    | Reached skill level 5 in Evocations
 26663 | Orc:2    | Found Tuevufu's Antique Armour Shop.
 26707 | Orc:2    | Found Qatogurr's Assorted Antiques.
 27044 | Orc:2    | Found Obityruy's Antique Armour Boutique.
 27046 | Orc:2    | Found Alaschufar's Weapon Boutique.
 27175 | Orc:2    | Found a staircase to the Elven Halls.
 27339 | Orc:2    | Reached XP level 16. HP: 109/109 MP: 29/29
 27377 | Orc:2    | Found a roughly hewn altar of Beogh.
 27838 | Lair:6   | Learned a level 6 spell: Statue Form
 28097 | Lair:6   | Reached skill level 10 in Fighting
 28104 | Lair:6   | Reached skill level 1 in Conjurations
 28158 | Lair:6   | Learned a level 5 spell: Irradiate
 28346 | Lair:6   | Reached skill level 10 in Spellcasting
 28781 | Elf:1    | Entered Level 1 of the Elven Halls
 29215 | Elf:1    | Found Wair's Antique Weapon Emporium.
 29912 | Elf:2    | Reached skill level 5 in Shields
 30129 | Elf:2    | Found a runed gate.
 30129 | Elf:2    | Found a runed gate.
 30204 | Elf:2    | Found Woriomij's Book Shoppe.
 30261 | Elf:2    | Reached XP level 17. HP: 116/116 MP: 29/31
 30312 | Elf:2    | Found a runed gate.
 30832 | Elf:3    | Entered Level 3 of the Elven Halls
 30882 | Elf:3    | Reached skill level 5 in Conjurations
 31137 | Elf:3    | HP: 2/152 [deep elf mage/bolt of fire (21)]
 31617 | Elf:3    | Reached skill level 10 in Dodging
 31879 | Elf:3    | Reached skill level 1 in Translocations
 32548 | Elf:3    | Noticed a deep elf blademaster
 32552 | Elf:3    | Noticed a Tzitzimitl
 32554 | Elf:3    | Noticed a deep elf blademaster
 32555 | Elf:3    | Reached XP level 18. HP: 124/124 MP: 19/32
 32556 | Elf:3    | Killed a deep elf blademaster
 32557 | Elf:3    | Noticed a deep elf master archer
 32558 | Elf:3    | Killed a deep elf blademaster
 32563 | Elf:3    | Killed a deep elf master archer
 32687 | Elf:3    | Got a fine great sword {flame}
 32730 | Elf:3    | Noticed a deep elf master archer
 32732 | Elf:3    | Killed a deep elf master archer
 32739 | Elf:3    | Noticed an Ice Fiend
 32789 | Elf:3    | Noticed a Brimstone Fiend
 32799 | Elf:3    | Got a jewelled long sword {flame}
 32864 | Elf:3    | Found the amulet of the Air {Inacc +Fly rElec EV+5 RMsl}
 32880 | Elf:3    | Identified the Guide on Companions and Aid
 32883 | Elf:3    | Identified Woutwumni's Incunabulum of Shifting Creation
 33110 | Lair:1   | Identified the +8 great sword "Uphuoripp" {flame, rElec Dex+3} (You took it off a deep elf mage on level 3 of the Elven Halls)
 33111 | Lair:1   | Identified the +6 long sword of Defiance {flame, Str+2 Int+3} (You took it off a deep elf demonologist on level 3 of the Elven Halls)
 33112 | Lair:1   | Identified the +4 spear "Haupaaxif" {drain, Str+9} (You found it on level 4 of the Dungeon)
 33494 | Elf:2    | Bought a book of Annihilations for 1435 gold pieces
 33607 | Elf:3    | Got a smoking jade ring
 33608 | Elf:3    | Identified the ring "Luestiet" {rC+ rN+} (You took it off a deep elf elementalist on level 3 of the Elven Halls)
 33951 | Lair:1   | Got an ichor-stained great mace
 33957 | Lair:1   | Identified the +6 great mace "Laoguch" {freeze, rPois Stlth+} (You found it on level 1 of the Lair of Beasts)
 34270 | Shoals:1 | Entered Level 1 of the Shoals
 34345 | Shoals:1 | Found a frozen archway.
 34454 | IceCv    | Entered an ice cave
 34673 | IceCv    | Noticed an Ice Fiend
 34674 | IceCv    | Noticed an Ice Fiend
 34682 | IceCv    | Killed an Ice Fiend
 35035 | IceCv    | Killed an Ice Fiend
 35633 | Shoals:1 | Got a scorched mace
 35634 | Shoals:1 | Identified the +5 mace of the Vestibule of Hell {crush, +Rage Str-2 Int+3} (You found it on level 1 of the Shoals)
 35785 | Lair:1   | Learned a level 6 spell: Freezing Cloud
 36643 | Shoals:2 | Reached skill level 1 in Air Magic
 36749 | Shoals:2 | Reached skill level 5 in Ice Magic
 37033 | Shoals:2 | Reached XP level 19. HP: 99/131 MP: 34/34
 37731 | Shoals:3 | Noticed Polyphemus
 37745 | Shoals:3 | Killed Polyphemus
 37745 | Shoals:3 | Reached skill level 5 in Translocations
 38459 | Orc:2    | Bought a glowing buckler for 165 gold pieces
 38704 | Shoals:4 | Entered Level 4 of the Shoals
 38793 | Shoals:4 | Noticed Ilsuiw
 39474 | Shoals:4 | Killed Ilsuiw
 39881 | Shoals:4 | Reached skill level 10 in Shields
 40390 | Shoals:4 | Got a barnacled rune of Zot
 41550 | D:13     | Found a gate to the Vaults.
 42526 | D:14     | Found a deep blue altar of Sif Muna.
 42576 | D:14     | Reached XP level 20. HP: 96/136 MP: 35/35
 42659 | D:14     | Identified Sif Muna's Disquisition on Feathers and Clay
 42670 | D:14     | Identified Baunnyi's Guide on Earth and Enchantment
 42740 | D:14     | Got a smoking rapier
 42741 | D:14     | Identified the +6 rapier of the Vaults {pierce, +Fly rPois rF- Dex+3} (You found it on level 14 of the Dungeon)
 42783 | D:14     | Identified the Guide on Lucky Flight
 42808 | D:14     | Identified Bugusone's Incunabulum of Sinister Arcane Weapons
 42810 | D:14     | Identified the Volume of the Entourage and Attacks
 42903 | D:14     | Noticed Urug
 42908 | D:14     | Killed Urug
 43104 | D:14     | Found a sacrificial altar of Ru.
 43236 | D:15     | Entered Level 15 of the Dungeon
 43411 | D:15     | Noticed thrashmonkey's ghost (journeyman MiFi)
 43416 | D:15     | Killed thrashmonkey's ghost
 43489 | D:15     | Noticed astaringelf's ghost (adept MiFi)
 43496 | D:15     | Killed astaringelf's ghost
 43518 | D:15     | Found a staircase to the Depths.
 43616 | D:15     | Found a basalt altar of Yredelemnul.
 44389 | Lair:2   | Reached skill level 1 in Fire Magic
 44531 | Vaults:1 | Entered Level 1 of the Vaults
 44613 | Vaults:1 | Reached skill level 5 in Fire Magic
 45913 | Lair:1   | Learned a level 8 spell: Ignition
 46659 | Vaults:2 | Reached XP level 21. HP: 97/142 MP: 29/37
 46668 | Vaults:2 | Reached skill level 10 in Fire Magic
 46795 | Vaults:2 | Found Suwnegot's Distillery.
 47752 | Vaults:3 | HP: 8/184 [mirror damage (30)]
 47752 | Vaults:3 | Demolished by a skeletal warrior

Skill      XL: |  1  2  3  4  5  6  7  8  9 10 11 12 13 14 15 16 17 18 19 20 21 |
---------------+----------------------------------------------------------------+-----
Transmutations | 3 4 5 7 8 9 10 11 12 13 | 13.0
Spellcasting   | 3 4 5 6 7 8 9 10 11 12 | 12.2
Ice Magic      | 1 2 3 5 6 7 |  7.0
Stealth        | 2 4 5 7 9 10 11 12 | 12.1
Unarmed Combat | 4 5 6 7 8 9 10 11 12 13 | 13.3
Dodging        | 3 4 6 7 8 9 10 11 12 | 12.0
Fighting       | 2 3 5 6 8 9 10 11 | 11.9
Invocations    | 3 5 6 7 9 |  9.0
Shields        | 3 4 5 7 8 10 11 | 11.6
Necromancy     | 3 4 |  4.8
Earth Magic    | 3 7 8 |  8.0
Evocations     | 3 5 7 8 |  8.0
Conjurations   | 4 6 7 8 |  8.9
Translocations | 2 4 6 |  6.6
Air Magic      | 1 4 |  4.7
Fire Magic     | 9 13 | 13.3

Action                   |  1- 3 |  4- 6 |  7- 9 | 10-12 | 13-15 | 16-18 | 19-21 || total
-------------------------+-------+-------+-------+-------+-------+-------+-------++-------
Melee: Unarmed           |    79 |   145 |   335 |   546 |   598 |   649 |   818 ||  3170
       Constrict         |    25 |    27 |     8 |     9 |    16 |   157 |   156 ||   398
       Tentacles         |    17 |    17 |     3 |    21 |    75 |   248 |   256 ||   637
       Kick              |    14 |    14 |     5 |       |       |       |       ||    33
       Punch             |     2 |     2 |     1 |     4 |    20 |   103 |   135 ||   267
       Staff             |       |       |       |       |    26 |       |       ||    26
 Fire: Arbalest          |       |       |       |     6 |       |       |       ||     6
       Blowgun           |       |       |       |       |     1 |       |       ||     1
Throw: Tomahawk          |       |       |       |     2 |    12 |       |    12 ||    26
       Javelin           |       |       |       |       |       |       |     1 ||     1
 Cast: Beastly Appendage |    23 |    14 |     2 |     1 |       |       |       ||    40
       Sticks to Snakes  |     2 |     5 |     4 |    30 |    41 |    13 |     7 ||   102
       Ice Form          |       |     7 |    29 |    58 |    62 |     1 |       ||   157
       Apportation       |       |       |       |     4 |       |       |       ||     4
       Borgnjor's Vile C |       |       |       |     6 |    59 |    23 |    31 ||   119
       Conjure Flame     |       |       |       |       |     2 |       |       ||     2
       Blink             |       |       |       |       |     1 |       |       ||     1
       Statue Form       |       |       |       |       |       |    63 |    83 ||   146
       Irradiate         |       |       |       |       |       |     2 |     9 ||    11
       Freezing Cloud    |       |       |       |       |       |       |    17 ||    17
       Ignition          |       |       |       |       |       |       |     1 ||     1
Invok: Slouch            |       |       |     1 |     4 |     5 |     4 |     2 ||    16
       Temporal Distorti |       |       |       |       |     3 |     4 |     3 ||    10
 Abil: End Transformatio |       |       |       |     1 |       |     3 |       ||     4
Evoke: Wand              |       |       |       |       |     6 |     1 |       ||     7
  Use: Scroll            |       |     3 |     3 |    17 |     8 |    11 |     2 ||    44
       Potion            |       |       |       |     2 |     5 |     4 |       ||    11
 Stab: Sleeping          |     4 |     3 |    10 |    25 |    12 |    28 |    28 ||   110
       Distracted        |       |       |     1 |     9 |    13 |     6 |     5 ||    34
  Eat: Chunk             |     1 |     6 |    31 |    30 |    31 |    32 |    36 ||   167
Armor: Skin              |     4 |    36 |   119 |   151 |   110 |   236 |   377 ||  1033
Dodge: Dodged            |    52 |    78 |   167 |   514 |   779 |   746 |  1156 ||  3492
Block: Buckler           |       |       |       |    13 |    60 |   171 |   521 ||   765
       Shield            |       |       |       |       |       |    97 |    71 ||   168
